 Dungeon Crawl Stone Soup version 0.29.1-1-gd02db69 (webtiles) character file.

Game seed: 12407407661371272619

4 atropo the Caller (level 1, 0/13 HPs)
             Began as a Merfolk Summoner on Jan 21, 2023.
             Slain by an endoplasm (3 damage)
             ... on level 1 of the Dungeon.
             The game lasted 00:08:16 (166 turns).

atropo the Caller (Merfolk Summoner)                 Turns: 166, Time: 00:08:17

Health: 0/13       AC:  2    Str:  8    XL:     1   Next: 60%
Magic:  1/3        EV: 13    Int: 14    God:
Gold:   10         SH:  0    Dex: 14    Spells: 3/4 levels left

rFire   . . .      SeeInvis .   c - +0 dagger
rCold   . . .      Faith    .   (no shield)
rNeg    . . .      Spirit   .   a - +0 robe
rPois   .          Reflect  .   (no helmet)
rElec   .          Harm     .   (no cloak)
rCorr   .          Rampage  .   (no gloves)
Will    .....                   (no boots)
Stlth   ++........              (no amulet)
HPRegen 0.04/turn               (no ring)
MPRegen 0.08/turn               (no ring)

@: no status effects
A: (nimble swimmer 2), mertail
a: no special abilities


You were on level 1 of the Dungeon.
You visited 1 branch of the dungeon, and saw 1 of its levels.

You collected 10 gold pieces.

Inventory:

Hand Weapons
 c - a +0 dagger (weapon)
Armour
 a - a +0 robe (worn)
Scrolls
 e - a scroll of poison {unknown}
Potions
 b - a potion of magic
 d - a potion of curing {unknown}


   Skills:
 + Level 2.9 Dodging
 + Level 2.2 Stealth
 + Level 2.0 Spellcasting
 + Level 4.1 Summonings


You had 3 spell levels left.
You knew the following spells:

 Your Spells              Type           Power      Damage    Failure   Level
a - Summon Small Mammal   Summ           48%        N/A       4%          1

Your spell library contained the following spells:

 Spells                   Type           Power      Damage    Failure   Level
 Call Imp                 Summ           12%        N/A       7%          2
 Call Canine Familiar     Summ           12%        N/A       13%         3
 Summon Guardian Golem    Hex/Summ       7%         N/A       30%         3
 Summon Lightning Spire   Summ/Air       7%         N/A       71%         4


Dungeon Overview and Level Annotations

Branches:
Dungeon (1/15)

Altars:


Innate Abilities, Weirdness & Mutations

((You are very nimble when in or above water. (Stealth+, EV+, Speed+++)))
Your lower body shifts to a powerful aquatic tail in water.


Message History

The ball python bites your quokka.
Your quokka dies!
Your quokka's corpse disappears in a puff of smoke!
Your bat hits the ball python. The ball python barely misses your bat.
The ball python completely misses your bat.
Your bat hits the ball python. The ball python barely misses your bat.
The ball python closely misses your bat.
Your bat barely misses the ball python.
The ball python bites your bat but does no damage.
The ball python barely misses your bat.
Your bat barely misses the ball python.
The endoplasm hits you.
The ball python barely misses your bat. x2; Your bat hits the ball python.
The ball python dies!
You hit the endoplasm but do no damage.
Your bat hits the endoplasm but does no damage.
The endoplasm freezes you.
You are frozen.
You hit the endoplasm.
The endoplasm is lightly wounded.
Your bat hits the endoplasm but does no damage.
Your bat barely misses the endoplasm.
The endoplasm closely misses you.
Your bat hits the endoplasm but does no damage.
Your bat hits the endoplasm but does no damage.
The endoplasm hits you but does no damage.
You swap places.
Your bat barely misses the endoplasm.
The endoplasm closely misses you.
Things that are here:
a +0 dagger; a kobold corpse Your bat barely misses the endoplasm.
Your bat hits the endoplasm.
You see here a ball python corpse.
Found a cabochon ring.
Your bat hits the endoplasm. The endoplasm freezes you.
You are frozen.
* * * LOW HITPOINT WARNING * * *
You see here a +0 war axe.
Your bat hits the endoplasm but does no damage.
The endoplasm attacks as you move away! The endoplasm hits you.
You die...

.# #.#.#..# # .#.
#.#.#..#.# #
..#...#.#....#.#.# ....
...#.#...........
.....###.......#........
..........#.#....#.....
... .............#
...###.##.#..J@..#
#.........#b.....#.
#.####.....)........#
#...................#
####
######..##..........#
#..
######........#...=..
...
#.............#..###.
#.# #.###.............
#.# #.#...........#..
#.#


You could see an endoplasm (ally target) and a friendly bat (summoned).

Vanquished Creatures
  A frilled lizard (D:1)
1 creature vanquished.

Vanquished Creatures (collateral kills)
  A kobold (D:1)
  2 ball pythons (D:1)
3 creatures vanquished.

Grand Total: 4 creatures vanquished

Notes
Turn   | Place    | Note
-------+----------+-------------------------------------------
     0 | D:1      | atropo the Merfolk Summoner began the quest for the Orb.
     0 | D:1      | Reached XP level 1. HP: 13/13 MP: 3/3
   166 | D:1      | Slain by an endoplasm

Illustrated notes

Levels and vault maps discovered:
D:1:      kilobyte_arrival_exit_the_forest, layout_basic, serial_shops,
          nicolae_diamond_shop, minmay_misc_feat_tower

Action                   || total
-------------------------++-------
Melee: Unarmed           ||     6
       Dagger            ||     2
 Cast: Summon Small Mamm ||     5
Armor: Robe              ||     2
Dodge: Dodged            ||     8
